 Dungeon Crawl Stone Soup version 0.25-a0-294-gea9b1ad378 (webtiles) character file.

Game seed: 2263101166455388007, levelgen mode: classic

107 Borgoz the Slasher (level 4, -2/28 HPs)
             Began as a Gargoyle Berserker on Dec 17, 2019.
             Was a Believer of Trog.
             Slain by an orc
             ... wielding a +0 hand axe
              (3 damage)
             ... on level 3 of the Dungeon.
             The game lasted 00:02:15 (1393 turns).

Borgoz the Slasher (Gargoyle Berserker)             Turns: 1393, Time: 00:02:15

Health: -2/28      AC:  9    Str: 18 (21) XL:     4   Next: 85%
Magic:  4/4        EV: 11    Int:  4 (7)  God:    Trog [**....]
Gold:   61         SH:  0    Dex:  7 (10) Spells: 3/3 levels left

rFire    . . .     SeeInvis .   a - +0 falchion
rCold    . . .     Gourm    .   (no shield)
rNeg     + . .     Faith    .   g - +0 ring mail
rPois    ∞         Spirit   .   (helmet restricted)
rElec    +         Reflect  .   (no cloak)
rCorr    .         Harm     .   (no gloves)
MR       .....                  (no boots)
Stlth    ..........             (no amulet)
HPRegen  0.09/turn              (no ring)
MPRegen  0.09/turn              (no ring)

@: confused
A: antennae 1, negative energy resistance 1, electricity resistance,
unbreathing, petrification resistance, rot immunity, MP-powered wands, AC +3
a: Berserk, Trog's Hand, Renounce Religion


You were on level 3 of the Dungeon.
You worshipped Trog.
Trog was pleased with you.
You were not hungry.

You visited 1 branch of the dungeon, and saw 3 of its levels.

You collected 61 gold pieces.

Inventory:

Hand Weapons
 a - a +0 falchion (weapon)
Armour
 g - a +0 ring mail (worn)
Jewellery
 j - a +2 ring of intelligence {unknown}
 o - an uncursed ring of fire {unknown}
Scrolls
 b - a scroll of teleportation {unknown}
 d - 2 scrolls of amnesia {unknown}
 i - a scroll of magic mapping {unknown}
 k - a scroll of enchant armour {unknown}
 m - 3 scrolls of remove curse {unknown}
 p - a scroll of blinking {unknown}
Potions
 e - a potion of mutation
 f - a potion of lignification
Comestibles
 c - 5 rations
 l - 9 chunks of flesh


   Skills:
 - Level 3.2 Fighting
 * Level 4.0 Long Blades
 + Level 3.2 Armour
 + Level 2.3 Dodging


You had 3 spell levels left.
You didn't know any spells.
Your spell library was empty.

Dungeon Overview and Level Annotations

Branches:
Dungeon (3/15)

Altars:
Trog


Innate Abilities, Weirdness & Mutations

You are resistant to torment.
Your stone body is resilient. (AC +3)
You are immune to poison.
You resist negative energy. (rN+)
You are resistant to electric shocks. (rElec)
You can survive without breathing.
You are immune to petrification.
You are immune to rotting.
You have a pair of small antennae on your head.
You expend magic power (3 MP) to strengthen your wands.


Message History

You slash something! Something hits you but does no damage.
The orc barely misses you.
You riposte.
You hit the orc but do no damage. The orc hits you with a +0 hand axe.
* * * LOW HITPOINT WARNING * * *
Unknown command.
You closely miss something.
You hear some strange, mumbled words.
You are confused.
The orc hits you but does no damage. x2
You miss something. Something hits you.
* * * LOW HITPOINT WARNING * * *
The orc hits you but does no damage. The orc closely misses you.
You bump into the rock wall.
Something hits you but does no damage. The orc hits you with a +0 dagger.
* * * LOW HITPOINT WARNING * * *
The orc hits you with a +0 hand axe.
* * * LOW HITPOINT WARNING * * *
You completely miss something. Something hits you but does no damage.
The orc hits you but does no damage. The orc hits you with a +0 hand axe.
You die...

###.# ...######
###..#. ........#
..........##.......#
...................#
..........##....>..#
#.........##.......#
#.........#.o{#
............o@#
#........#....#
#.......÷..####
#..........#
.........#.####
#####.........#
#.........#
............#
...#.........#


You could see 2 orcs.

Vanquished Creatures
  3 gnolls (D:2)
  2 oozes (D:1)
  A worm (D:2)
  3 dart slugs
  A leopard gecko (D:1)
  An orc (D:3)
  A ball python (D:2)
  5 bats
  3 giant cockroaches
  6 goblins
  11 hobgoblins
  3 jackals (D:2)
  2 quokkas (D:2)
  2 frilled lizards
  3 kobolds (D:1)
  10 rats
57 creatures vanquished.

Notes
Turn   | Place    | Note
-------+----------+-------------------------------------------
     0 | D:1      | Borgoz the Gargoyle Berserker began the quest for the Orb.
     0 | D:1      | Reached XP level 1. HP: 14/14 MP: 1/1
    90 | D:1      | Reached skill level 3 in Long Blades
    90 | D:1      | Reached XP level 2. HP: 19/19 MP: 2/2
   361 | D:1      | Reached XP level 3. HP: 23/23 MP: 3/3
   394 | D:1      | Reached ** piety under Trog
   998 | D:2      | Found a bloodstained altar of Trog.
  1029 | D:2      | Reached XP level 4. HP: 28/28 MP: 4/4
  1348 | D:3      | Reached skill level 4 in Long Blades
  1364 | D:3      | Gained mutation: You have a pair of small antennae on your
                  | head. [potion of mutation]
  1364 | D:3      | Gained mutation: You expend magic power (3 MP) to
                  | strengthen your wands. [potion of mutation]
  1392 | D:3      | HP: 1/28 [orc/+0 hand axe (2)]
  1393 | D:3      | Slain by an orc

Levels and vault maps discovered:
D:1:      zelgadis_glass_arrival_small, layout_basic
D:2:      layout_rooms, nicolae_overflow_crystal_walls, first_ration
D:3:      layout_rooms, marbit_many_paths,
          chequers_temple_overflow_statue_of_worship

Skill      XL: |  1  2  3  4 |
---------------+-------------+-----
Long Blades    | 3 4 |  4.0
Dodging        | 2 |  2.3
Armour         | 3 |  3.2
Fighting       | |  3.2

Action                   |  1- 3 |  4- 6 || total
-------------------------+-------+-------++-------
Melee: Falchion          |   107 |    71 ||   178
Invok: Berserk           |     1 |     1 ||     2
  Use: Potion            |       |     4 ||     4
  Eat: Chunk             |     2 |     2 ||     4
Armor: Animal skin       |     1 |       ||     1
       Ring mail         |    46 |    38 ||    84
       Skin              |       |    35 ||    35
Dodge: Dodged            |    75 |    44 ||   119
       Rpst.: Falchion   |    24 |    13 ||    37

Table legend:
 A = Non-vault XP
 B = Vault XP
 C = Vault XP percentage of total XP
 D = Non-vault monster count
 E = Vault monster count
 F = Vault count percentage of total count
                 A         B        C        D         E       F
            +---------+---------+-------+---------+---------+-------
      Total |     153 |       0 |   0.0 |      57 |       0 |   0.0
            +---------+---------+-------+---------+---------+-------
        D:1 |      58 |       0 |   0.0 |      28 |       0 |   0.0
        D:2 |      86 |       0 |   0.0 |      24 |       0 |   0.0
        D:3 |       9 |       0 |   0.0 |       5 |       0 |   0.0
            +---------+---------+-------+---------+---------+-------
